AoeStats
← XGTIROMlllX

Nomad

510673517Analyzed
4v4 RM · 14h ago on Oct 2, 2026· 57m 9s· 8 players
Game mode
Random Map
Map size
231×231
Population
200
Speed
Normal
Resources
Standard
Victory
Conquest
Starting age
Dark Age
Ending age
Imperial Age
RankedLock teamsTeams togetherTeam positionsShared explorationLock speedFull tech treeHidden civsTurbo modeCheats
Victory
Defeat
🇲🇽 Varangians · Mexico
1127
+10
🇲🇽 Huns · Mexico
1036
+13
🇲🇽 Inca · Mexico
942
+17
🇲🇽 Britons · Mexico
941
+17
🇦🇷 Ethiopians · Argentina
1004
-16
🇯🇵 Varangians · Japan
988
-15
🇺🇸 Bohemians · United States
943
-13
🇺🇸 Mongols · United States
941
-13
dewey manning
13:04 Loom
14:51 Feudal Age
17:33 Fletching
17:44 Padded Archer Armor
20:03 Castle Age
19:13 Padded Archer Armor
19:26 Bloodlines
19:13 Double-Bit Axe
20:07 Gold Mining
20:08 Stone Mining
24:34 Leather Archer Armor
27:10 Ballistics
30:39 Bodkin Arrow
31:21 Husbandry
31:39 Horse Collar
32:51 Town Watch
33:17 Nomads
34:58 Light Cavalry
36:26 Wheelbarrow
36:28 Gold Shaft Mining
36:08 Bow Saw
38:25 Masonry
39:07 Heavy Plow
42:37 Thumb Ring
45:29 Imperial Age
45:02 Murder Holes
47:22 Drill
47:24 Conscription
47:34 Hussar
50:37 Bracer
51:39 Chemistry
50:45 Siege Engineers
50:19 Capped Ram
54:55 Parthian Tactics
LWwcnm
14:42 Feudal Age
14:46 Man-at-Arms
16:42 Loom
16:56 Stone Mining
17:25 Arson
18:23 Fletching
24:23 Castle Age
J0hnny
10:07 Loom
16:34 Feudal Age
21:41 Castle Age
19:25 Horse Collar
20:40 Double-Bit Axe
24:01 Pikeman
26:17 Wheelbarrow
25:57 Bow Saw
27:57 Town Watch
28:04 Fletching
28:46 Bodkin Arrow
33:10 Imperial Age
32:49 Hand Cart
32:57 Masonry
35:53 Chemistry
38:58 Caravan
41:25 Scale Mail Armor
41:35 Forging
42:36 Padded Archer Armor
42:36 Bracer
43:10 Wagenburg Tactics
44:53 Chain Mail Armor
44:40 Squires
46:29 Town Patrol
48:41 Leather Archer Armor
47:49 Elite Skirmisher
50:34 Siege Engineers
50:26 Murder Holes
50:41 Fortified Wall
51:02 Architecture
54:39 Ring Archer Armor
55:02 Ballistics
56:12 Plate Mail Armor
56:17 Iron Casting
PushySpoon29648
19:31 Feudal Age
23:09 Castle Age
21:49 Double-Bit Axe
24:18 Squires
24:42 Elite Skirmisher
25:40 Scale Mail Armor
25:32 Fletching
26:54 Bow Saw
28:01 Wheelbarrow
27:55 Stone Mining
33:54 Hand Cart
38:34 Imperial Age
35:50 Loom
35:53 Crossbowman
36:38 Thumb Ring
37:34 Town Watch
38:52 Gold Mining
39:22 Chain Mail Armor
39:07 Padded Archer Armor
39:18 Caravan
39:17 Bodkin Arrow
39:58 Ballistics
40:39 Chemistry
42:30 Two-Man Saw
42:01 Bracer
42:16 Leather Archer Armor
42:32 Plate Mail Armor
44:03 Plate Mail Armor
43:14 Arbalester
44:38 Conscription
45:26 Gold Shaft Mining
45:50 Royal Heirs
45:27 Elite Shotel Warrior
47:48 Ring Archer Armor
49:19 Horse Collar
51:34 Torsion Engines
XGTIROMlllX
10:15 Loom
16:38 Feudal Age
26:08 Castle Age
31:48 Imperial Age
29:21 Gold Mining
29:21 Stone Mining
31:21 Wheelbarrow
30:55 Marauders
32:49 Scale Mail Armor
32:55 Scale Barding Armor
32:59 Husbandry
33:53 Chain Mail Armor
34:44 Double-Bit Axe
37:45 Horse Collar
40:47 Hand Cart
41:36 Chain Barding Armor
43:47 Fishing Lines
44:41 Bow Saw
51:40 Two-Man Saw
50:44 Gillnets
Pinoye12
4:34 Loom
13:25 Feudal Age
18:20 Castle Age
17:24 Bloodlines
19:06 Scale Barding Armor
20:24 Chain Barding Armor
21:15 Forging
23:07 Wheelbarrow
23:18 Husbandry
24:46 Iron Casting
26:25 Fletching
27:14 Gold Mining
28:09 Horse Collar
29:10 Heavy Plow
30:51 Double-Bit Axe
33:19 Bow Saw
38:26 Imperial Age
36:31 Ballistics
38:48 Heavy Scorpion
40:33 Chemistry
39:29 Stone Mining
40:23 Hand Cart
39:42 Cavalier
41:10 Stone Shaft Mining
42:34 Plate Barding Armor
42:42 Treadmill Crane
43:09 Siege Engineers
43:35 Fishing Lines
44:07 Gillnets
45:51 Blast Furnace
45:16 Conscription
45:44 Vendel Legacy
47:30 Gothikon
51:56 Bodkin Arrow
54:39 Light Cavalry
55:46 Murder Holes
56:02 Masonry
57:41 Bracer
57:03 Elite Jarl
El tRuCho1320
3:24 Loom
13:47 Feudal Age
16:13 Town Watch
20:30 Fishing Lines
21:46 Fletching
25:05 Castle Age
23:36 Double-Bit Axe
23:43 Gold Mining
26:50 Bow Saw
28:17 Horse Collar
28:34 Stone Mining
29:24 Gold Shaft Mining
29:29 Elite Skirmisher
31:00 Heavy Plow
31:43 Bodkin Arrow
32:30 Padded Archer Armor
34:21 Ballistics
44:27 Thumb Ring
49:23 Gillnets
51:20 Wheelbarrow
57:27 Forging
57:18 Scale Mail Armor
Machetekills135
4:39 Loom
16:06 Feudal Age
24:56 Castle Age
23:10 Double-Bit Axe
25:02 Stone Mining
27:31 Fishing Lines
30:25 Bow Saw
33:35 Gold Mining
34:49 Wheelbarrow
39:25 Imperial Age
37:25 Ballistics
37:18 Padded Archer Armor
37:13 Fletching
38:34 Hand Cart
39:36 Yeomen
39:51 Heated Shot
40:20 Leather Archer Armor
40:01 Bodkin Arrow
41:43 Chemistry
43:14 Elite Longbowman
47:01 Ring Archer Armor
46:32 Bracer
50:53 Warwolf
54:08 Light Cavalry
54:49 Husbandry
55:24 Scale Barding Armor
55:30 Forging
55:20 Scale Mail Armor
Connection lost

Rejoining the realm…

Still unreachable

The connection could not be restored.

Session expired

The server has moved on; the page needs a fresh start.